 Dungeon Crawl Stone Soup version 0.22-a0-113-gdd6f4a9 (webtiles) character file.

27168 sankara the Covert (level 13, -12/150 HPs)
             Began as a Vampire Assassin on Jan 28, 2018.
             Was an Elder of Trog.
             Mangled by an eight-headed hydra (13 damage)
             ... on level 6 of the Lair of Beasts.
             The game lasted 01:36:20 (24844 turns).

sankara the Covert (Vampire Assassin)              Turns: 24844, Time: 01:36:20

Health: -12/150    AC:  5    Str: 15    XL:     13   Next: 2%
Magic:  0/25       EV: 20    Int: 19    God:    Trog [****..]
Gold:   586        SH: 16    Dex: 22    Spells: 12/12 levels left

rFire    + + .     SeeInvis +   a - +5 dagger (venom)
rCold    + . .     Gourm    .   R - +1 shield "Wun Zoas" {rF++ Regen+ Int+5}
rNeg     + + .     Faith    .   c - +0 robe
rPois    +         Spirit   +   F - +0 helmet "Emuc" {+Inv rElec rPois MR-}
rElec    +         Reflect  .   g - +0 cloak
rCorr    .         Harm     .   i - +0 pair of gloves
MR       .....                  (no boots)
Stlth    ..........             q - amulet of guardian spirit
HPRegen  0.37/turn              h - ring of poison resistance
MPRegen  0.19/turn              O - ring of magical power

@: berserking, very slightly contaminated, regenerating slowly, very quick
A: fangs 3, large bone plates 1, see invisible, agile 1, mutation resistance 1,
unbreathing
a: Bat Form, Berserk, Trog's Hand, Brothers in Arms, Burn Spellbooks, Renounce
Religion, Evoke Invisibility


You were on level 6 of the Lair of Beasts.
You worshipped Trog.
Trog was greatly pleased with you.
You were thirsty.

You visited 3 branches of the dungeon, and saw 17 of its levels.
You also visited: Sewer.

You collected 993 gold pieces.
You spent 407 gold pieces at shops.

Inventory:

Hand Weapons
 a - a +5 dagger of venom (weapon)
 b - a +0 blowgun
 j - a +0 hunting sling
 x - a +2 dagger of venom
 y - a +0 falchion
Missiles
 e - 113 poisoned needles
 f - 6 curare-tipped needles
 n - 373 stones (quivered)
 t - 151 sling bullets
 u - 4 javelins
 D - 2 tomahawks
 X - 6 needles of confusion
Armour
 c - a +0 robe (worn)
 g - a +0 cloak (worn)
 i - a +0 pair of gloves (worn)
 C - a +0 ring mail of fire resistance
 E - the +1 ring mail "Buifeus" {rN+}
   (You bought it in a shop on level 7 of the Dungeon)

   It protects you from negative energy.
 F - the +0 helmet "Emuc" (worn) {+Inv rElec rPois MR-}
   (You bought it in a shop on level 7 of the Dungeon)

   It insulates you from electricity.
   It protects you from poison.
   It affects your resistance to hostile enchantments.
   It lets you turn invisible.
 P - a +0 buckler
 R - the +1 shield "Wun Zoas" (worn) {rF++ Regen+ Int+5}
   (You found it on level 1 of the Lair of Beasts)

   It affects your intelligence (+5).
   It greatly protects you from fire.
   It increases your rate of regeneration.
 U - +0 swamp dragon scales
Jewellery
 h - a ring of poison resistance (left hand)
 q - an amulet of guardian spirit (around neck)
 O - a ring of magical power (right hand)
Wands
 r - a wand of digging (18)
 z - a wand of disintegration (10)
 A - a wand of paralysis (29)
 G - a wand of iceblast (15)
 J - a wand of acid (8)
 L - a wand of random effects (32)
 W - a wand of enslavement (18)
Scrolls
 k - 9 scrolls of teleportation
 m - 2 scrolls of blinking
 p - 4 scrolls of fear
 v - 3 scrolls of identify
 w - a scroll of magic mapping
 Q - 4 scrolls of remove curse
 T - 2 scrolls of brand weapon
 V - a scroll of acquirement {unknown}
Potions
 d - 35 potions of blood
 l - 10 potions of curing
 o - a potion of haste
 B - 2 potions of lignification
 H - a potion of flight
 K - a potion of might
 M - 4 potions of agility
Books
 I - a book of Minor Magic

   Spells                             Type                      Level
   a - Magic Dart                     Conjuration                  1
   b - Blink                          Translocation                2
   c - Call Imp                       Summoning                    2
   d - Slow                           Hexes                        2
   e - Conjure Flame                  Conjuration/Fire             3
   f - Mephitic Cloud                 Conjuration/Poison/Air       3
   Trog disapproves of the use of such an item.
 N - a book of Geomancy

   Spells                             Type                      Level
   a - Sandblast                      Earth                        1
   b - Passwall                       Transmutation/Earth          2
   c - Stone Arrow                    Conjuration/Earth            3
   d - Petrify                        Transmutation/Earth          4
   e - Lee's Rapid Deconstruction     Earth                        5
   Trog disapproves of the use of such an item.


   Skills:
 + Level 8.8 Fighting
 - Level 2.1(7.0) Short Blades
 - Level 9.5(9.6) Long Blades
 - Level 7.7 Throwing
 + Level 10.3 Dodging
 + Level 14.2 Stealth
 + Level 6.1 Shields
 - Level 5.0 Evocations


You had 12 spell levels left.
You didn't know any spells.

Dungeon Overview and Level Annotations

Branches:
Dungeon (10/15)            Temple (1/1) D:4            Lair (6/6) D:9
 Shoals (0/4) Lair:2       Spider (0/4) Lair:2        Slime (0/5) Lair:5
    Orc: D:9-12

Altars:
Ashenzari
Cheibriados
Dithmenos
Elyvilon
Fedhas
Gozag
Hepliaklqana
Kikubaaqudgha
Makhleb
Nemelex Xobeh
Okawaru
Qazlal
Ru
Sif Muna
Trog
Uskayaw
Vehumet
Wu Jian
Xom
Yredelemnul
Zin
The Shining One
Jiyva

Shops:
D:6 *   D:7 [

Annotations:
D:5 Tovarisch's ghost, novice DENe
Lair:3 anet's ghost, journeyman DEWz


Innate Abilities, Weirdness & Mutations

You heal slowly.
You have razor-sharp teeth.
You have supernaturally acute eyesight. (SInv)
You can survive without breathing.
You are partially covered in large bone plates. (SH +4)
You are agile. (Dex +2)
You are somewhat resistant to further mutation.


Message History

The eight-headed hydra bites you.
* * * LOW HITPOINT WARNING * * *
The eight-headed hydra bites you.
* * * LOW HITPOINT WARNING * * *
The eight-headed hydra bites you!
* * * LOW HITPOINT WARNING * * *
The eight-headed hydra bites you!
* * * LOW HITPOINT WARNING * * *
The eight-headed hydra bites you.
* * * LOW HITPOINT WARNING * * *
The eight-headed hydra barely misses you.
You block the eight-headed hydra's attack.
The spiny frog stings you!
* * * LOW HITPOINT WARNING * * *
Your shield prevents you from hitting the eight-headed hydra.
The eight-headed hydra is almost dead.
You block the eight-headed hydra's attack. x2
The eight-headed hydra closely misses you.
The eight-headed hydra misses you. x2; The eight-headed hydra bites you!
You die...

#.. ##.........÷.#........
....## ##..........P†.........
....#P##.............P........
.!....P...<.........÷.........
P.............................
.#..#........................
.. #.P.....##.P.............
##P.....F##P.....?........
.##........@................
.....#........D#..<†..........
................#............♣
....##................#.P.....
..## ##........##....#........
.. ###..#.....................
#.##..##........P.............
.......<......................
..................#P#P....#...


You could see an eight-headed hydra and a spiny frog.

Vanquished Creatures
  An ogre mage (D:9)
  A hydra (Lair:6)
  A two-headed ogre (D:9)
  Pikel (D:5)
  A deep elf mage (D:9)
  5 black mambas
  A torpor snail (Lair:4)
  10 spiny frogs
  2 rime drakes
  5 komodo dragons
  A troll (D:9)
  2 polar bears
  Grinder (D:5)
  4 dream sheep (Lair:6)
  3 hippogriffs
  10 blink frogs
  A spriggan (D:7)
  A redback (Lair:2)
  38 yaks
  A wyvern (D:8)
  A basilisk (Lair:5)
  Eustachio (D:6)
  Grum (D:9)
  A hungry ghost (D:9)
  Menkaure (D:6)
  Edmund (D:5)
  6 water moccasins
  2 hell hounds (D:9)
  5 orc warriors
  2 porcupines
  Purgy (Sewer)
  2 ice beasts
  3 black bears
  A necrophage (D:6)
  3 boggarts (Lair:6)
  A phantom (D:5)
  3 ogres
  9 wolves
  3 centaurs
  4 crocodiles
  2 big kobolds
  13 bullfrogs
  A gnoll sergeant (D:8)
  6 scorpions
  4 wights (D:6)
  6 howler monkeys
  A bullfrog zombie (D:9)
  6 crimson imps
  2 hounds
  4 orc priests
  Crazy Yiuf (D:2)
  A centaur skeleton (D:6)
  11 worker ants
  4 orc wizards
  2 hell rats (Lair:4)
  A hound zombie (D:9)
  A worker ant zombie (D:5)
  8 adders
  3 gnolls (D:8)
  10 river rats (Lair:4)
  2 shadow imps
  2 oozes
  2 adder skeletons
  An adder zombie (D:7)
  2 worms
  2 dart slugs
  5 leopard geckos
  31 orcs
  3 ball pythons
  11 bats
  5 giant cockroaches
  2 gnoll zombies (D:5)
  18 goblins
  6 hobgoblins
  14 jackals
  3 quokkas
  8 frilled lizards
  18 kobolds
  A leopard gecko skeleton (D:6)
  A quokka skeleton (D:4)
  A quokka zombie (D:7)
  8 rats
374 creatures vanquished.

Vanquished Creatures (others)
  4 slaves (D:5)
  An ice beast (D:5)
  A scorpion (D:5)
  An orc wizard (D:5)
  An orc (D:5)
  A giant cockroach (D:5)
  2 kobolds (D:8)
  16 fungi
  9 plants
36 creatures vanquished.

Grand Total: 410 creatures vanquished

Notes
Turn   | Place    | Note
-------+----------+-------------------------------------------
     0 | D:1      | sankara the Vampire Assassin began the quest for the Orb.
     0 | D:1      | Reached XP level 1. HP: 16/16 MP: 1/1
   152 | D:1      | Reached skill level 6 in Stealth
   479 | D:1      | Reached XP level 2. HP: 20/22 MP: 2/2
  1021 | D:2      | Found a radiant altar of Vehumet.
  1075 | D:1      | Reached XP level 3. HP: 21/27 MP: 3/3
  1229 | D:2      | Found a burning altar of Makhleb.
  1296 | D:2      | Found a faded altar of an unknown god.
  1450 | D:2      | Reached skill level 7 in Stealth
  1794 | D:2      | Reached XP level 4. HP: 32/33 MP: 4/4
  2073 | D:2      | Found a runed door.
  2428 | D:2      | Noticed Crazy Yiuf
  2444 | D:2      | Killed Crazy Yiuf
  2698 | D:3      | Reached skill level 8 in Stealth
  2698 | D:3      | Reached XP level 5. HP: 27/38 MP: 5/5
  3370 | D:3      | Found a shimmering altar of Xom.
  3687 | D:4      | Noticed an ogre
  3718 | D:4      | Killed an ogre
  3718 | D:4      | Reached XP level 6. HP: 32/44 MP: 4/6
  3904 | D:4      | Reached skill level 9 in Stealth
  4121 | D:4      | Found a staircase to the Ecumenical Temple.
  5052 | D:4      | Reached skill level 5 in Throwing
  5574 | Temple   | Entered the Ecumenical Temple
  5902 | D:4      | Identified the Collected Works on Boosts and Changing
  6337 | D:4      | Reached XP level 7. HP: 50/50 MP: 7/7
  6352 | D:5      | Entered Level 5 of the Dungeon
  6428 | D:5      | Noticed Tovarisch's ghost (novice DENe)
  6508 | D:5      | Found a basalt altar of Yredelemnul.
  6526 | D:5      | Found a bloodstained altar of Trog.
  6526 | D:5      | Found a faded altar of an unknown god.
  6540 | D:5      | Found a snail-covered altar of Cheibriados.
  6543 | D:5      | Became a worshipper of Trog the Wrathful
  6546 | D:5      | Found a sacrificial altar of Ru.
  6548 | D:5      | Found an iron altar of Okawaru.
  6600 | D:5      | Reached skill level 1 in Long Blades
  6630 | D:5      | Noticed Grinder
  6635 | D:5      | Killed Grinder
  6655 | D:5      | Noticed Pikel
  6674 | D:5      | Killed Pikel
  6674 | D:5      | Reached XP level 8. HP: 52/58 MP: 8/8
  7636 | D:5      | Noticed Edmund
  7643 | D:5      | Killed Edmund
  7692 | D:5      | Found a basalt altar of Yredelemnul.
  8001 | D:6      | Reached skill level 5 in Long Blades
  8215 | D:6      | Found a glowing drain.
  8220 | D:6      | Noticed Eustachio
  8224 | D:6      | Killed Eustachio
  8254 | D:6      | Reached XP level 9. HP: 65/65 MP: 9/9
  8508 | Sewer    | Entered a sewer
  8547 | Sewer    | Reached * piety under Trog
  8573 | Sewer    | Noticed Purgy
  9173 | Sewer    | Killed Purgy
  9473 | D:6      | Reached skill level 5 in Dodging
 10098 | D:6      | Found a white marble altar of Elyvilon.
 10112 | D:6      | Found Ocozoadd's General Store.
 10320 | D:6      | Noticed Menkaure
 10347 | D:6      | Killed Menkaure
 11670 | D:6      | Reached skill level 5 in Fighting
 11676 | D:6      | Reached ** piety under Trog
 12043 | D:7      | Found Guku Fuh's Antique Armour Boutique.
 12051 | D:7      | Bought an agate-studded ring mail for 198 gold pieces
 12051 | D:7      | Bought a spiked helmet for 209 gold pieces
 12051 | D:7      | Identified the +0 helmet "Emuc" {+Inv rElec rPois MR-} (You bought it in a shop on level 7 of the Dungeon)
 12057 | D:7      | Identified the +1 ring mail "Buifeus" {rN+} (You bought it in a shop on level 7 of the Dungeon)
 13151 | D:8      | Reached XP level 10. HP: 74/74 MP: 7/10
 13188 | D:8      | Found a stormy altar of Qazlal.
 13268 | D:8      | Found a shadowy altar of Dithmenos.
 13649 | D:8      | Noticed a two-headed ogre
 13652 | D:8      | HP: 1/74 [centaur/arrow (11)]
 15056 | D:8      | Reached skill level 1 in Evocations
 15641 | D:9      | Noticed Grum
 16470 | D:9      | Killed Grum
 17137 | D:9      | Found a hide-covered altar of Uskayaw.
 17137 | D:9      | Found a sparkling altar of Nemelex Xobeh.
 17194 | D:9      | Found a staircase to the Lair.
 17219 | D:9      | Reached skill level 10 in Stealth
 17790 | D:9      | Noticed a deep elf mage
 17864 | D:9      | Noticed an ogre mage
 17890 | D:9      | Noticed a two-headed ogre
 17890 | D:9      | Killed an ogre mage
 17899 | D:9      | Killed a two-headed ogre
 17975 | D:9      | Killed a deep elf mage
 17975 | D:9      | Reached XP level 11. HP: 81/81 MP: 11/13
 18497 | D:10     | Entered Level 10 of the Dungeon
 18520 | Lair:1   | Entered Level 1 of the Lair of Beasts
 18668 | Lair:1   | Got an ichor-stained shield
 18669 | Lair:1   | Identified the +1 shield "Wun Zoas" {rF++ Regen+ Int+5} (You found it on level 1 of the Lair of Beasts)
 19302 | Lair:2   | Found a staircase to the Shoals.
 19351 | Lair:2   | Reached *** piety under Trog
 19351 | Lair:2   | Reached skill level 1 in Shields
 19513 | Lair:2   | Reached skill level 11 in Stealth
 19856 | Lair:2   | Found a hole to the Spider Nest.
 20346 | Lair:2   | Gained mutation: You are agile. (Dex +2) [potion of mutation]
 20346 | Lair:2   | Gained mutation: You are partially covered in large bone plates. (SH +4) [potion of mutation]
 20346 | Lair:2   | Gained mutation: You are somewhat resistant to further mutation. [potion of mutation]
 20660 | Lair:3   | Noticed anet's ghost (journeyman DEWz)
 21739 | Lair:4   | Reached skill level 12 in Stealth
 22081 | Lair:4   | Received a gift from Trog
 22088 | Lair:4   | Reached XP level 12. HP: 91/91 MP: 15/15
 22921 | Lair:5   | Reached **** piety under Trog
 23074 | Lair:5   | Reached skill level 13 in Stealth
 23242 | Lair:5   | Found a staircase to the Slime Pits.
 23242 | Lair:5   | Found a viscous altar of Jiyva.
 23919 | Lair:5   | Reached skill level 5 in Shields
 23974 | Lair:6   | Entered Level 6 of the Lair of Beasts
 23986 | Lair:6   | Noticed a four-headed hydra
 24010 | Lair:6   | Killed a four-headed hydra
 24362 | Lair:6   | Reached skill level 5 in Evocations
 24366 | Lair:6   | Reached skill level 10 in Dodging
 24521 | Lair:6   | Received a gift from Trog
 24521 | Lair:6   | Reached skill level 14 in Stealth
 24752 | Lair:6   | Noticed an eight-headed hydra
 24813 | Lair:6   | Reached XP level 13. HP: 97/100 MP: 16/16
 24843 | Lair:6   | HP: 1/150 [spiny frog (10)]
 24844 | Lair:6   | Mangled by an eight-headed hydra

Vault maps used:
D:1:      elethiomel_arrival_infinity_welcomes_careful_drivers
D:2:      kennysheep_the_goblin_king, lemuel_doored_altar, vehumet_crystals,
          chequers_ecumenical_altar_lobes, grunt_ministairs_4,
          uniq_crazy_yiuf_cottage
D:3:      nicolae_overflow_crystal_walls
D:4:      cheibrodos_old_hovel, minmay_temple_entry_overgrown
D:5:      lemuel_zombie_altar_yredelemnul, chequers_temple_overflow_minitemple,
          first_ration, basic_altar, uniq_pikel, uniq_edmund, uniq_grinder
D:6:      overflow_temple_1_default, serial_shops, shop, gup_sewer_entry_glass,
          nrook_loot_triangle, uniq_eustachio, uniq_menkaure
D:7:      serial_shops, nicolae_shop_stone, minmay_misc_feat_pillars,
          minmay_misc_feat_four_crosses, the_bakery
D:8:      nicolae_dithmenos_the_darkroom, nicolae_overflow_hidden_temple
D:9:      gammafunk_temple_overflow_elements, minmay_lair_entry_lava,
          nzn_random_ring, uniq_grum
D:10:     orc_0_dummy
Temple:   compressed_dpeg_triangle_lava_temple
Lair:2:   elwin_shoals_entry_rocks, spider_nest_entry_webs, zaba_anthole
Lair:3:   minivault_24
Lair:4:   kennysheep_rathole, infiniplex_staircase_pool_2
Lair:5:   slime_altar_1, lemuel_fruit_fields
Lair:6:   due_jungle_book, kilobyte_rumbling_trees, infiniplex_staircase_pool
Sewer:    sewer_big_baddie

Skill      XL: |  1  2  3  4  5  6  7  8  9 10 11 12 |
---------------+-------------------------------------+-----
Stealth        | 6 7 8 9 10 12 14 | 14.2
Throwing       | 2 3 5 6 7 |  7.7
Fighting       | 2 3 4 5 6 7 8 |  8.8
Long Blades    | 3 5 7 9 |  9.5
Dodging        | 3 4 6 7 8 10 | 10.3
Evocations     | 2 4 5 |  5.0
Shields        | 3 6 |  6.1
Short Blades   | |  2.1

Action                   |  1- 3 |  4- 6 |  7- 9 | 10-12 | 13-15 || total
-------------------------+-------+-------+-------+-------+-------++-------
Melee: Dagger            |   132 |   230 |   392 |  1001 |    10 ||  1765
       Bite              |     8 |    27 |    63 |   131 |       ||   229
       Falchion          |       |       |    37 |       |       ||    37
 Fire: Blowgun           |       |    13 |    18 |    31 |       ||    62
       Hunting sling     |       |       |       |     5 |       ||     5
Throw: Stone             |       |       |       |     3 |       ||     3
Invok: Berserk           |       |       |     6 |    14 |     1 ||    21
       Trog's Hand       |       |       |     2 |     6 |       ||     8
       Burn Spellbooks   |       |       |       |     2 |       ||     2
 Abil: End Transformatio |       |     1 |     1 |     3 |       ||     5
       Bat Form          |       |     1 |     1 |     3 |       ||     5
       Evoke Invisibilit |       |       |     1 |    23 |     1 ||    25
  Use: Potion            |       |    10 |    28 |    52 |     1 ||    91
       Scroll            |       |     8 |     6 |    10 |       ||    24
 Stab: Sleeping          |    13 |    14 |    21 |    27 |       ||    75
       Distracted        |       |     1 |     1 |       |     1 ||     3
       Invisible         |       |       |     2 |    62 |     1 ||    65
Armor: Robe              |    35 |    24 |    59 |    66 |     1 ||   185
Dodge: Dodged            |    72 |    96 |   329 |   487 |    21 ||  1005
Block: Shield            |       |       |       |   265 |    14 ||   279
       Buckler           |       |       |       |     6 |       ||     6
       Rpst.: Falchion   |       |       |     9 |       |       ||     9

Table legend:
 A = Spawn XP
 B = Non-spawn XP
 C = Spawn XP percentage of total XP
 D = Spawn monster count
 E = Non-spawn monster count
 F = Spawn count percentage of total count
 G = Total turns spent on level
                    A         B        C        D         E        F      G
               +---------+---------+-------+---------+---------+-------+---------
         Total |       0 |   38812 |   0.0 |       0 |     375 |   0.0 | 24844
               +---------+---------+-------+---------+---------+-------+---------
           D:1 |       0 |      41 |   0.0 |       0 |      23 |   0.0 |  1198
           D:2 |       0 |     130 |   0.0 |       0 |      36 |   0.0 |  1312
           D:3 |       0 |      39 |   0.0 |       0 |      15 |   0.0 |  1056
           D:4 |       0 |     618 |   0.0 |       0 |      27 |   0.0 |  2755
           D:5 |       0 |    1602 |   0.0 |       0 |      15 |   0.0 |  2096
           D:6 |       0 |    2235 |   0.0 |       0 |      41 |   0.0 |  2338
           D:7 |       0 |     586 |   0.0 |       0 |      18 |   0.0 |  2310
           D:8 |       0 |    1095 |   0.0 |       0 |      25 |   0.0 |  2126
           D:9 |       0 |    5154 |   0.0 |       0 |      40 |   0.0 |  2298
        Lair:1 |       0 |     239 |   0.0 |       0 |       1 |   0.0 |   689
        Lair:2 |       0 |    5280 |   0.0 |       0 |      29 |   0.0 |  1430
        Lair:3 |       0 |    1496 |   0.0 |       0 |       7 |   0.0 |  1017
        Lair:4 |       0 |    6190 |   0.0 |       0 |      39 |   0.0 |  1237
        Lair:5 |       0 |    5087 |   0.0 |       0 |      21 |   0.0 |  1477
        Lair:6 |       0 |    8882 |   0.0 |       0 |      32 |   0.0 |   474
         Sewer |       0 |     138 |   0.0 |       0 |       6 |   0.0 |   862
               +---------+---------+-------+---------+---------+-------+---------
